 Dungeon Crawl Stone Soup version 0.21.0-3-g78d12a8 (webtiles) character file.

165 MTVSty1e the Chopper (level 5, -1/34 HPs)
             Began as a Gargoyle Monk on Jan 8, 2018.
             Splashed by a jelly's acid (5 damage)
             ... on level 3 of the Dungeon.
             The game lasted 00:04:08 (2041 turns).

MTVSty1e the Chopper (Gargoyle Monk)                Turns: 2041, Time: 00:04:08

Health: -1/34      AC: 10    Str: 15    XL:     5   Next: 46%
Magic:  5/5        EV:  5    Int: 11    God:
Gold:   100        SH: 13    Dex: 15    Spells: 4/4 levels left

rFire    . . .     SeeInvis .   a - +0 hand axe
rCold    . . .     Gourm    .   e - +2 large shield
rNeg     + . .     Faith    .   h - +0 scale mail
rPois    ∞         Spirit   .   (no helmet)
rElec    +         Reflect  .   q - scarf {repulsion}
rCorr    .         Harm     .   (no gloves)
MR       .....                  (no boots)
Stlth    +.........             (no amulet)
HPRegen  0.11/turn              f - +3 ring of dexterity
MPRegen  0.09/turn              (no ring)

@: repel missiles
A: negative energy resistance 1, electricity resistance, unbreathing,
petrification resistance, rot immunity, AC +4
a: no special abilities


You were on level 3 of the Dungeon.
You were hungry.

You visited 1 branch of the dungeon, and saw 3 of its levels.

You collected 100 gold pieces.

Inventory:

Hand Weapons
 a - a +0 hand axe (weapon)
Armour
 b - a +0 robe
 e - a +2 large shield (worn)
 h - a +0 scale mail (worn)
 q - a scarf of repulsion (worn)
Jewellery
 f - a +3 ring of dexterity (left hand)
Scrolls
 j - a scroll of enchant weapon {unknown}
 k - 3 scrolls of identify {unknown}
 l - a scroll of blinking {unknown}
 p - a scroll of remove curse {unknown}
 r - a scroll of amnesia {unknown}
Potions
 d - 2 potions of flight {unknown}
 g - a potion of degeneration {unknown}
 i - a potion of curing {unknown}
 m - a potion of berserk rage {unknown}
 n - a potion of lignification {unknown}
 o - a potion of resistance {unknown}
Comestibles
 c - 2 rations


   Skills:
 + Level 4.6 Fighting
 * Level 4.7 Axes
 - Level 2.4 Dodging
 - Level 2.1 Stealth


You had 4 spell levels left.
You didn't know any spells.

Dungeon Overview and Level Annotations

Branches:
Dungeon (3/15)

Altars:
Ashenzari
Gozag
Ru


Innate Abilities, Weirdness & Mutations

You are resistant to torment.
Your stone body is resilient. (AC +4)
You are immune to poison.
You resist negative energy. (rN+)
You are resistant to electric shocks. (rElec)
You can survive without breathing.
You are immune to petrification.
You are immune to rotting.


Message History

You kill the ooze!
Your scale mail prevents you from hitting the jelly.
The jelly is severely wounded.
You block the jelly's attack.
You hit the jelly.
Your hands burn!
The jelly is severely wounded.
You block the jelly's attack.
You hit the jelly.
You kill the jelly!
You hit the jelly.
Your hands burn!
* * * LOW HITPOINT WARNING * * *
The jelly is moderately wounded.
You block the jelly's attack. x2
The ooze quivers.
You hit the jelly.
Your hands burn!
* * * LOW HITPOINT WARNING * * *
The jelly is heavily wounded.
The jelly hits you but does no damage.
You hit the jelly.
Your hands burn!
You die...

..#.... #.#.... #.#....
#.#.... ### #.#....
#)..÷..##.####### #......
#PP.PPP#.#.#....####.....
#÷.....#.#.#.....##(.####
#.PP.÷P#@#'#.....)(..#
#...÷..#J#.......)†..#
#PP.PJJ#J#........'.#####
#......#J#....)..##.# #..
#PPP...'##......##### #..
#.....J########## #..
####### #.. #.< #..


You could see a jelly and 2 oozes.

Vanquished Creatures
  A jelly (D:3)
  5 adders (D:2)
  4 oozes
  3 dart slugs
  2 leopard geckos (D:1)
  3 orcs (D:2)
  8 bats
  4 giant cockroaches
  4 goblins
  8 hobgoblins
  14 kobolds
  2 ball pythons (D:2)
  7 frilled lizards
  4 rats
69 creatures vanquished.

Vanquished Creatures (others)
  A fungus (D:3)
  3 toadstools (D:3)
4 creatures vanquished.

Grand Total: 73 creatures vanquished

Notes
Turn   | Place    | Note
-------+----------+-------------------------------------------
     0 | D:1      | MTVSty1e the Gargoyle Monk began the quest for the Orb.
     0 | D:1      | Reached XP level 1. HP: 14/14 MP: 1/1
    24 | D:1      | Reached XP level 2. HP: 16/19 MP: 2/2
   427 | D:1      | Reached XP level 3. HP: 18/24 MP: 3/3
  1086 | D:2      | Reached XP level 4. HP: 14/29 MP: 4/4
  1650 | D:2      | Found a shattered altar of Ashenzari.
  1689 | D:2      | Found an opulent altar of Gozag.
  1934 | D:3      | Found a sacrificial altar of Ru.
  1960 | D:3      | Reached XP level 5. HP: 34/34 MP: 5/5
  2041 | D:3      | Splashed by a jelly's acid

Skill      XL: |  1  2  3  4 |
---------------+-------------+-----
Axes           | 3 4 |  4.7
Fighting       | 4 |  4.6
Dodging        | |  2.4
Stealth        | |  2.1

Action                   |  1- 3 |  4- 6 || total
-------------------------+-------+-------++-------
Melee: Hand axe          |   152 |   114 ||   266
 Stab: Sleeping          |     4 |       ||     4
  Eat: Ration            |     1 |       ||     1
Armor: Robe              |    31 |       ||    31
       Scale mail        |    46 |    54 ||   100
Dodge: Dodged            |    52 |    15 ||    67
       Deflected         |       |     1 ||     1
Block: Large shield      |   119 |   102 ||   221
